[Event "Titled Tuesday Blitz August 1 Late 2023"]
[White "Balla, Tamas-Kristof"]
[Black "UgarteCesar"]
[WhiteFideId "1208497"]
[WhiteElo "2366"]
[BlackElo "2242"]
[Result "1-0"]
[Round "10"]
[TimeControl "180+1"]
[Date "2023.08.01"]
[WhiteClock "0:01:10"]
[BlackClock "0:00:01"]
[Board "89"]

1. e4 c5 2. c3 d5 3. exd5 Qxd5 4. d4 Nc6 5. Nf3 Bg4 6. Be2 cxd4 7. cxd4 e6 8. Nc3 Bb4 9. Be3 Nge7 10. O-O Bxc3 11. bxc3 O-O 12. h3 Bxf3 13. Bxf3 Qa5 14. c4 Rfd8 15. Qd3 Rac8 16. Rfd1 Qa6 17. Rac1 h6 18. Qb3 Na5 19. Qa3 Nf5 20. Bxb7 Qxb7 21. Qxa5 Nxe3 22. fxe3 Qe4 23. Qc3 Rd7 24. c5 Qd5 25. Qd3 Qxa2 26. e4 Qa5 27. c6 Rd6 28. d5 exd5 29. exd5 Qb6+ 30. Kh1 Rcxc6 31. Rxc6 1-0


[Site "https://www.chess.com"]

[Event "Titled Tuesday Blitz August 1 Late 2023"]
[White "AndresDelgado77"]
[Black "Vila Dupla, Aurelio"]
[BlackFideId "2203383"]
[WhiteElo "2361"]
[BlackElo "2173"]
[Result "1-0"]
[Round "10"]
[TimeControl "180+1"]
[Date "2023.08.01"]
[WhiteClock "0:01:33"]
[BlackClock "0:00:00"]
[Board "90"]

1. e4 c5 2. Nf3 d6 3. d4 cxd4 4. Qxd4 Nc6 5. Bb5 Bd7 6. Qd3 g6 7. Nc3 Bg7 8. Bg5 Nf6 9. O-O-O a6 10. Ba4 O-O 11. Rhe1 h6 12. Bh4 g5 13. Bg3 Ng4 14. Qe2 Qa5 15. Bb3 Be6 16. Nd5 Rfe8 17. h4 Bxd5 18. exd5 Nb4 19. a3 Nxc2 20. Bxc2 Rac8 21. Kb1 Qb6 22. Bf5 e6 23. dxe6 fxe6 24. Bxg4 1-0


[Site "https://www.chess.com"]

[Event "Titled Tuesday Blitz August 1 Late 2023"]
[White "Castro Silva, Moises Antonio"]
[Black "Mesa Cruz, Juan Carlos"]
[WhiteFideId "3909794"]
[BlackFideId "6423400"]
[WhiteElo "2435"]
[BlackElo "2344"]
[Result "1-0"]
[Round "10"]
[TimeControl "180+1"]
[Date "2023.08.01"]
[WhiteClock "0:00:07"]
[BlackClock "0:00:03"]
[Board "91"]

1. e4 c5 2. Nf3 d6 3. d4 cxd4 4. Nxd4 Nf6 5. Nc3 a6 6. Bg5 e6 7. f4 Be7 8. Qf3 Qc7 9. O-O-O Nbd7 10. g4 h6 11. Bxf6 Bxf6 12. h4 b5 13. g5 Bxd4 14. Rxd4 Qc5 15. Rd2 Bb7 16. a3 O-O-O 17. Bh3 Kb8 18. Rhd1 Nb6 19. Bf1 d5 20. exd5 Nxd5 21. Nxd5 Bxd5 22. Qg3 hxg5 23. hxg5 Qc7 24. Kb1 Rh1 25. Be2 Rxd1+ 26. Rxd1 Be4 27. Rxd8+ Qxd8 28. Qe3 Bb7 29. Qe5+ Qc7 30. Qe3 Qd6 31. Bd3 f6 32. g6 e5 33. Qh3 e4 34. Be2 Qd2 35. Qh8+ Ka7 36. Qxg7 Qxe2 37. Qxf6 Qd1+ 38. Ka2 Bd5+ 39. b3 Qxc2+ 40. Ka1 Qc1+ 41. Ka2 Qc2+ 42. Ka1 Qd1+ 43. Kb2 Qxb3+ 44. Kc1 Qe3+ 45. Kb2 Qd2+ 46. Kb1 Qa2+ 47. Kc1 Qxa3+ 48. Kd2 Qd3+ 49. Kc1 Qe3+ 50. Kb2 Qd2+ 51. Kb1 Ba2+ 52. Ka1 Bc4 53. Qe7+ Kb6 54. Qf6+ Ka5 55. Qb2 Qxb2+ 56. Kxb2 Kb4 57. Kc2 a5 58. Kd2 a4 59. f5 a3 60. f6 a2 61. f7 a1=Q 62. f8=Q+ Ka4 63. Qa8+ Kb4 64. Qxa1 1-0


[Site "https://www.chess.com"]

[Event "Titled Tuesday Blitz August 1 Late 2023"]
[White "Navyblue1"]
[Black "Bazilius, Augustinas"]
[BlackFideId "12832251"]
[WhiteElo "1966"]
[BlackElo "2425"]
[Result "0-1"]
[Round "10"]
[TimeControl "180+1"]
[Date "2023.08.01"]
[WhiteClock "0:00:00"]
[BlackClock "0:00:05"]
[Board "92"]

1. d4 Nf6 2. c4 c5 3. d5 b5 4. cxb5 a6 5. e3 Bb7 6. bxa6 Bxd5 7. Nc3 Bc6 8. Bd2 Nxa6 9. e4 Nxe4 10. Nxe4 Bxe4 11. Nf3 e6 12. Bc3 Nb4 13. Bxb4 cxb4 14. Be2 Be7 15. O-O O-O 16. Qd2 d5 17. Nd4 Qb6 18. Bf3 Bxf3 19. Nxf3 Rfc8 20. h3 Rc5 21. Rfe1 Rac8 22. Nd4 Rc4 23. Nf5 Bf6 24. Ne3 R4c5 25. Ng4 Be7 26. Ne3 g6 27. Rad1 Bf6 28. Ng4 Bg7 29. Ne3 d4 30. Ng4 Rc2 31. Qf4 Rxb2 32. Nf6+ Bxf6 33. Qxf6 Rxa2 34. Rxd4 b3 35. Red1 Raa8 36. Rd7 Rf8 37. Rb1 Rab8 38. Rd3 b2 39. Rd2 Rfc8 40. Rbxb2 Rc1+ 41. Kh2 Qc7+ 42. g3 Rc8 43. Ra2 Re8 44. Rab2 Qc6 45. f3 Qc5 46. Rg2 Qd5 47. Rbd2 Qb5 48. Rde2 Qb1 49. g4 Rh1+ 50. Kg3 Qb8+ 51. Qf4 Qb3 52. Re3 Qb1 53. Ree2 Qd3 54. Qe3 Qd5 55. Qe4 Qd6+ 56. Qf4 Qe7 57. Qe5 f6 58. Qf4 g5 59. Qe4 Qc7+ 60. Kf2 Qb6+ 61. Qe3 Qd6 62. Qe4 Qd1 63. Qe3 Qf1+ 64. Kg3 h5 65. gxh5 Qd1 0-1


[Site "https://www.chess.com"]

[Event "Titled Tuesday Blitz August 1 Late 2023"]
[White "Gabdushev, Ruslan"]
[Black "The_Straightforward_Rook"]
[WhiteFideId "4137833"]
[WhiteElo "2418"]
[BlackElo "2309"]
[Result "1-0"]
[Round "10"]
[TimeControl "180+1"]
[Date "2023.08.01"]
[WhiteClock "0:01:00"]
[BlackClock "0:01:40"]
[Board "93"]

1. b3 e5 2. Bb2 Nc6 3. e3 Nf6 4. Bb5 Bd6 5. Na3 e4 6. f4 O-O 7. Nh3 a6 8. Bxc6 dxc6 9. Nf2 b5 10. c4 Qe7 11. Nc2 c5 12. Qe2 Bb7 13. g4 b4 14. g5 Ne8 15. h4 f5 16. gxf6 Nxf6 17. h5 h6 18. Ng4 Nxg4 19. Qxg4 Bc8 20. Qg2 Bf5 21. Rg1 Rf7 22. a3 Qh4+ 23. Qg3 Qxh5 24. axb4 cxb4 25. Bxg7 Kh7 26. Bb2 Be7 27. Qg7+ Rxg7 28. Rxg7+ Kh8 29. Rg5+ Kh7 30. Rxh5 Bg4 31. Rha5 h5 32. Kf2 Bh4+ 33. Kf1 Rg8 34. Rg5 Bh3+ 35. Kg1 Bxg5 36. fxg5 Rxg5+ 37. Kh2 Bg4 38. Nxb4 a5 39. Nd5 c6 40. Nf6+ 1-0


[Site "https://www.chess.com"]

[Event "Titled Tuesday Blitz August 1 Late 2023"]
[White "Carrasco Miranda, Andres"]
[Black "Harshal, Shahi"]
[WhiteFideId "3405990"]
[BlackFideId "5048257"]
[WhiteElo "2411"]
[BlackElo "2303"]
[Result "1-0"]
[Round "10"]
[TimeControl "180+1"]
[Date "2023.08.01"]
[WhiteClock "0:00:52"]
[BlackClock "0:00:00"]
[Board "94"]

1. d4 Nf6 2. c4 e6 3. g3 d5 4. Bg2 c6 5. Nf3 Be7 6. O-O O-O 7. Nbd2 b6 8. Qc2 Nbd7 9. e4 Nxe4 10. Nxe4 dxe4 11. Qxe4 Bb7 12. Rd1 Nf6 13. Qc2 Qc8 14. c5 Rd8 15. Bf4 Nd5 16. Bg5 bxc5 17. dxc5 Bxg5 18. Nxg5 Nf6 19. Rxd8+ Qxd8 20. Rd1 Qe7 21. b4 Rd8 22. h4 h6 23. Ne4 Rxd1+ 24. Qxd1 Nd5 25. Nd6 Ba6 26. a3 Nc3 27. Qe1 Ne2+ 28. Kh2 Qd7 29. Bf1 Nd4 30. Qc3 Bxf1 31. Qxd4 e5 32. Qe4 Qh3+ 33. Kg1 Ba6 34. Qf5 Qf1+ 35. Kh2 f6 36. a4 Be2 37. b5 1-0


[Site "https://www.chess.com"]

[Event "Titled Tuesday Blitz August 1 Late 2023"]
[White "KorolDimitriy75"]
[Black "Stanisz, Patryk"]
[BlackFideId "1123106"]
[WhiteElo "2349"]
[BlackElo "2302"]
[Result "1-0"]
[Round "10"]
[TimeControl "180+1"]
[Date "2023.08.01"]
[WhiteClock "0:00:02"]
[BlackClock "0:00:00"]
[Board "95"]

1. d4 d5 2. c4 c6 3. Nc3 Nf6 4. e3 e6 5. Nf3 Nbd7 6. Bd3 dxc4 7. Bxc4 b5 8. Be2 b4 9. Na4 c5 10. O-O Bb7 11. dxc5 Bxc5 12. Nxc5 Nxc5 13. Bb5+ Ke7 14. Qe2 Qb6 15. b3 Rhd8 16. Bb2 Rac8 17. Rac1 a6 18. Bc4 h6 19. Ne5 Nce4 20. Rfd1 Bd5 21. f3 Nd6 22. Bd3 Bb7 23. Kh1 Nd5 24. Bd4 Qa5 25. Qd2 Nc3 26. Re1 Ndb5 27. Bxb5 axb5 28. Rc2 Ra8 29. Rec1 f6 30. Ng6+ Kf7 31. Qd3 e5 32. Nxe5+ fxe5 33. Qf5+ Kg8 34. Qxe5 Rd7 35. Qe6+ Rf7 36. h3 Qd8 37. Bxc3 bxc3 38. Rxc3 Rxa2 39. Rc7 Qf8 40. Rxb7 Ra8 41. Rcc7 1-0


[Site "https://www.chess.com"]

[Event "Titled Tuesday Blitz August 1 Late 2023"]
[White "Slavin, Alexey"]
[Black "Thiel, Thomas"]
[WhiteFideId "24104388"]
[BlackFideId "4615964"]
[WhiteElo "2348"]
[BlackElo "2269"]
[Result "1-0"]
[Round "10"]
[TimeControl "180+1"]
[Date "2023.08.01"]
[WhiteClock "0:01:02"]
[BlackClock "0:00:13"]
[Board "96"]

1. e4 d5 2. Nc3 dxe4 3. Nxe4 Nf6 4. Ng5 h6 5. N5f3 g6 6. Ne2 Bg7 7. Ng3 O-O 8. d4 c5 9. c3 cxd4 10. Nxd4 Nc6 11. Nxc6 Qxd1+ 12. Kxd1 bxc6 13. f3 Rd8+ 14. Kc2 Nh5 15. Bd3 Nxg3 16. hxg3 h5 17. Bg5 Bf6 18. Be3 Be6 19. Rhd1 Be5 20. Bf2 a5 21. Be4 Rxd1 22. Rxd1 Bxa2 23. Bxc6 Rc8 24. Bd5 Bc4 25. Bxc4 Rxc4 26. Rd5 Bd6 27. Rxa5 f5 28. b3 Rc7 29. c4 Kf7 30. Ra7 Rxa7 31. Bxa7 Bxg3 32. Kd3 Ke6 33. b4 Kd7 34. b5 e5 35. c5 Kc7 36. Kc4 Bf2 37. Kd5 h4 38. Kxe5 Kb7 39. Bb6 1-0


[Site "https://www.chess.com"]

[Event "Titled Tuesday Blitz August 1 Late 2023"]
[White "Kanyamarala, Trisha"]
[Black "Arias Igual, Alejandro"]
[WhiteFideId "45004722"]
[BlackFideId "2254905"]
[WhiteElo "2345"]
[BlackElo "2264"]
[Result "1-0"]
[Round "10"]
[TimeControl "180+1"]
[Date "2023.08.01"]
[WhiteClock "0:00:19"]
[BlackClock "0:00:00"]
[Board "97"]

1. c4 e6 2. Nc3 d5 3. e3 Nf6 4. Nf3 Be7 5. b3 c5 6. Bb2 Nc6 7. cxd5 exd5 8. d4 O-O 9. Bd3 cxd4 10. exd4 Bg4 11. Be2 Re8 12. O-O Bb4 13. Ne5 Bxe2 14. Nxe2 Ne4 15. f3 Nd6 16. Ng3 f6 17. Ng4 Qd7 18. Qd3 Ne7 19. a3 Ba5 20. Nh5 Qf5 21. Nhxf6+ Kh8 22. Qxf5 Nexf5 23. Nxe8 Rxe8 24. Ne5 Bb6 25. Kh1 Nxd4 26. Rfe1 Nc2 27. Nf7+ Kg8 28. Rxe8+ Nxe8 29. Rc1 Nxa3 30. Bxa3 Kxf7 31. Rc8 Nf6 32. Rb8 Ke6 33. Rxb7 g5 34. Bb2 Nd7 35. g4 Kd6 36. Bc1 h6 37. h4 Kc6 38. Rxd7 Kxd7 39. hxg5 hxg5 40. Bxg5 Ke6 41. Kg2 Ba5 42. Kf2 d4 43. Ke2 Ke5 44. Kd3 Bb4 45. Bh6 Kd5 46. Bg7 Bd6 47. Bxd4 a6 48. Be3 Ke5 49. f4+ Ke6 50. Ke4 Bb4 51. f5+ Kf7 52. g5 Bf8 53. Bd4 Bd6 54. g6+ Kf8 55. f6 Bg3 56. Kf5 Bc7 57. Ke6 Ba5 58. g7+ Kg8 59. f7+ Kh7 60. g8=Q+ 1-0


[Site "https://www.chess.com"]

[Event "Titled Tuesday Blitz August 1 Late 2023"]
[White "Celestino, Rafael Teixeira"]
[Black "Kostiukov, Alexandr"]
[WhiteFideId "2108925"]
[BlackFideId "14108100"]
[WhiteElo "2235"]
[BlackElo "2344"]
[Result "0-1"]
[Round "10"]
[TimeControl "180+1"]
[Date "2023.08.01"]
[WhiteClock "0:01:15"]
[BlackClock "0:00:35"]
[Board "98"]

1. e4 c5 2. Nf3 g6 3. d4 cxd4 4. Nxd4 Bg7 5. Nc3 Nc6 6. Be3 Nf6 7. Be2 O-O 8. O-O d5 9. Nxc6 bxc6 10. e5 Nd7 11. f4 e6 12. b4 f6 13. exf6 Qxf6 14. Bd2 e5 15. fxe5 Qxe5 16. Rxf8+ Nxf8 17. Rb1 Bf5 18. b5 c5 19. Bf3 Rd8 20. Be1 d4 21. Ne2 Ne6 22. Bh4 Rd7 23. Bc6 Rf7 24. Bg3 Qe3+ 25. Bf2 Qxf2+ 26. Kxf2 Bxc2+ 27. Ke1 Bxd1 28. Rxd1 Re7 29. Kd2 Bh6+ 30. Kd3 Nc7 31. Ng3 Re3+ 32. Kc4 Rc3# 0-1


[Site "https://www.chess.com"]

[Event "Titled Tuesday Blitz August 1 Late 2023"]
[White "Kujawski, Adam"]
[Black "Petersson, Kjell"]
[WhiteFideId "1100920"]
[BlackFideId "1705148"]
[WhiteElo "2339"]
[BlackElo "2209"]
[Result "1-0"]
[Round "10"]
[TimeControl "180+1"]
[Date "2023.08.01"]
[WhiteClock "0:00:38"]
[BlackClock "0:00:31"]
[Board "99"]

1. e4 c5 2. Nf3 d6 3. d4 cxd4 4. Nxd4 Nf6 5. Nc3 g6 6. Be3 Bg7 7. f3 O-O 8. Qd2 Nc6 9. O-O-O d5 10. exd5 Nxd5 11. Nxc6 bxc6 12. Bd4 Bxd4 13. Qxd4 Qb6 14. Na4 Qc7 15. Bc4 Be6 16. Nc5 Qf4+ 17. Qxf4 Nxf4 18. Nxe6 Nxe6 19. Bxe6 fxe6 20. Rhe1 Kf7 21. Re4 Rfd8 22. Rd2 Rd6 23. Ra4 Kf6 24. Rxd6 exd6 25. Ra6 Ke5 26. Rxc6 g5 27. Rc7 h5 28. Rf7 a5 29. a4 Rc8 30. b3 d5 31. Kd2 d4 32. Rb7 Rc5 33. Rb5 Kd5 34. Kd3 Rxb5 35. axb5 Kc5 36. b6 Kxb6 37. Kxd4 Kc6 38. Ke5 Kc5 39. c3 g4 40. fxg4 hxg4 41. h4 gxh3 42. gxh3 1-0


[Site "https://www.chess.com"]

[Event "Titled Tuesday Blitz August 1 Late 2023"]
[White "Zilleruelo Irizarry, Diego"]
[Black "Feliz Dotel, Dewar Bienvenido"]
[WhiteFideId "3101460"]
[BlackFideId "6402801"]
[WhiteElo "2329"]
[BlackElo "2169"]
[Result "1-0"]
[Round "10"]
[TimeControl "180+1"]
[Date "2023.08.01"]
[WhiteClock "0:00:36"]
[BlackClock "0:00:00"]
[Board "100"]

1. e4 e5 2. Nf3 Nc6 3. Bb5 Nf6 4. O-O Nxe4 5. Re1 Nd6 6. Nxe5 Be7 7. Bf1 Nxe5 8. Rxe5 O-O 9. d4 Ne8 10. c4 Bd6 11. Re1 Qh4 12. g3 Qf6 13. Nc3 c6 14. Ne4 Qe7 15. Bg5 Qe6 16. Nf6+ Qxf6 17. Bxf6 Nxf6 18. Bh3 Bb4 19. Re2 d5 20. Bxc8 Raxc8 21. a3 Bd6 22. c5 Bb8 23. Qb3 Rc7 24. Rae1 Ne4 25. f3 Ng5 26. Re8 Ne6 27. Rxf8+ Kxf8 28. Qd3 g6 29. f4 Re7 30. Kf1 Bc7 31. f5 Ng5 32. Rxe7 Kxe7 33. fxg6 hxg6 34. Qb3 b6 35. Qa4 bxc5 36. Qxc6 Kd8 37. Qxd5+ Kc8 38. Qxg5 cxd4 39. Qe7 d3 40. Qe8+ Kb7 41. Qxf7 d2 42. Ke2 1-0


[Site "https://www.chess.com"]

[Event "Titled Tuesday Blitz August 1 Late 2023"]
[White "Silvestre, Christian"]
[Black "Tarnowska, Aleksandra"]
[WhiteFideId "30956269"]
[BlackFideId "1180967"]
[WhiteElo "2327"]
[BlackElo "2156"]
[Result "1-0"]
[Round "10"]
[TimeControl "180+1"]
[Date "2023.08.01"]
[WhiteClock "0:00:40"]
[BlackClock "0:00:00"]
[Board "101"]

1. e4 c5 2. Nc3 e6 3. f4 a6 4. a4 b6 5. Nf3 Bb7 6. Bc4 d5 7. exd5 exd5 8. Ba2 Nf6 9. O-O Be7 10. d4 O-O 11. Kh1 Nc6 12. Be3 cxd4 13. Nxd4 Nxd4 14. Bxd4 Ne4 15. Qd3 Nxc3 16. Qxc3 Rc8 17. Qd3 Bf6 18. Bb3 Rc6 19. Rad1 Bxd4 20. Qxd4 Rh6 21. Qf2 Rd6 22. Rd4 Qf6 23. Rfd1 Rfd8 24. h3 h6 25. Kh2 b5 26. axb5 axb5 27. Qe2 Bc6 28. Qd3 Qe6 29. Qg3 Qf6 30. c3 Kh8 31. Qd3 Qe6 32. Bc2 g6 33. Qg3 Qf6 34. Bb3 Kg7 35. Re1 Bb7 36. Re5 Re6 37. Qe3 Rxe5 38. fxe5 Qe6 39. Qf4 Re8 40. Rb4 Qxe5 41. Qxe5+ Rxe5 42. Rxb5 Bc6 43. Rc5 Bb7 44. Rc7 Ba8 45. Ba4 Re2 46. Ra7 Rxb2 47. Rxa8 Ra2 48. Bc6 Rc2 49. Bxd5 Rxc3 50. Ra7 Rc5 51. Bxf7 Kh8 52. Bxg6 h5 53. Be4 Re5 54. Bf3 Kg8 55. Ra6 Kg7 56. Kg3 Kh7 57. Kh4 Kg7 58. Bxh5 Re4+ 59. Bg4 Re2 60. Bxe2 1-0


[Site "https://www.chess.com"]

[Event "Titled Tuesday Blitz August 1 Late 2023"]
[White "Cooper, Aaron"]
[Black "Dominguez Rincon, Miller Duvan"]
[WhiteFideId "2634945"]
[BlackFideId "4406583"]
[WhiteElo "2316"]
[BlackElo "2030"]
[Result "0-1"]
[Round "10"]
[TimeControl "180+1"]
[Date "2023.08.01"]
[WhiteClock "0:00:00"]
[BlackClock "0:00:11"]
[Board "102"]

1. e4 e5 2. f4 exf4 3. Nf3 d6 4. d4 g5 5. Bc4 h6 6. Nc3 Nf6 7. g3 fxg3 8. hxg3 Bg7 9. O-O Nc6 10. e5 dxe5 11. d5 Bh3 12. Re1 Ne7 13. Nxe5 O-O 14. Qf3 Qd6 15. Kh2 Bf5 16. Nb5 Qc5 17. Be3 Qb4 18. b3 a6 19. Nxc7 Rac8 20. d6 Qxd6 21. Nd5 Nfxd5 22. Rad1 Be6 23. Bd4 Qc7 24. Bd3 f5 0-1


[Site "https://www.chess.com"]

[Event "Titled Tuesday Blitz August 1 Late 2023"]
[White "dorpato"]
[Black "Necromon"]
[WhiteElo "2054"]
[BlackElo "2365"]
[Result "0-1"]
[Round "10"]
[TimeControl "180+1"]
[Date "2023.08.01"]
[WhiteClock "0:00:00"]
[BlackClock "0:01:31"]
[Board "103"]

1. e4 c5 2. Nc3 Nc6 3. g3 g6 4. Bg2 Bg7 5. d3 e6 6. Be3 d6 7. Qd2 Nge7 8. Bh6 O-O 9. Bxg7 Kxg7 10. h4 f6 11. h5 g5 12. f4 h6 13. O-O-O Nd4 14. Nge2 Qa5 15. a3 Nec6 16. Nxd4 Nxd4 17. Ne2 Nxe2+ 18. Qxe2 Rb8 19. e5 dxe5 20. fxe5 f5 21. g4 Bd7 22. gxf5 Rxf5 23. Bh3 Rf4 24. Rhf1 Rbf8 25. Rxf4 Rxf4 26. Rf1 Qd8 27. Rxf4 gxf4 28. Qg4+ Qg5 29. Kd2 Kf7 30. Ke2 Qxe5+ 31. Kd2 Qg5 32. Qf3 Bc6 33. Qe2 e5 34. Kc3 Qf6 35. d4 cxd4+ 36. Kd2 e4 37. Qc4+ Ke7 38. Qc5+ Kd8 39. Qxa7 Qd6 40. Qb6+ Ke7 41. Qa5 f3 42. Qf5 Qf6 43. Qc5+ Kf7 44. Qc4+ Kg7 0-1


[Site "https://www.chess.com"]

[Event "Titled Tuesday Blitz August 1 Late 2023"]
[White "Shapiro, Daniel"]
[Black "Tqebuchava, Zurab"]
[WhiteFideId "2001780"]
[BlackFideId "13601113"]
[WhiteElo "2351"]
[BlackElo "2265"]
[Result "1-0"]
[Round "10"]
[TimeControl "180+1"]
[Date "2023.08.01"]
[WhiteClock "0:00:02"]
[BlackClock "0:00:03"]
[Board "104"]

1. d4 d6 2. e4 Nf6 3. Nc3 Nbd7 4. h3 e5 5. Nge2 Be7 6. Be3 c6 7. a4 a5 8. g4 h6 9. Bg2 Qc7 10. Ng3 exd4 11. Bxd4 Nc5 12. Qd2 Be6 13. O-O Rd8 14. f4 Bc4 15. Rfe1 Ne6 16. Be3 d5 17. Qf2 d4 18. Bxd4 Nxd4 19. e5 Ng8 20. f5 Bh4 21. Kh2 Ne7 22. Rad1 c5 23. f6 Ng6 24. fxg7 Rg8 25. Nce4 Rxg7 26. Nd6+ Kf8 27. Nxc4 Kg8 28. c3 Ne6 29. Rxd8+ Qxd8 30. Qf3 Ng5 31. Qe3 Qc7 32. Rd1 Kh7 33. Nf5 Rg8 34. Ncd6 Rd8 35. Be4 Nxe4 36. Qxe4 Bg5 37. Rf1 Qd7 38. h4 Be7 39. Nxe7 Qxe7 40. h5 Rxd6 41. hxg6+ Rxg6 42. Qf5 Kg7 43. Rf4 Qe6 44. Qxe6 Rxe6 45. Re4 Kg6 46. Kg3 Kg5 47. Re2 b6 48. Rf2 Re7 49. Rf5+ Kg6 50. Rf6+ Kg7 51. Rxb6 Rxe5 52. Rb5 Re2 53. Kf3 Rc2 54. Ke4 Rg2 55. Kd5 Rxg4 56. Rxc5 Rxa4 57. Rc6 Ra2 58. b4 axb4 59. cxb4 Rb2 60. Rc4 Kg6 61. Kc5 h5 62. b5 f5 63. b6 Rxb6 64. Kxb6 Kg5 65. Kc5 f4 66. Kd5 Kg4 67. Ke4 f3 68. Ke3+ Kg3 69. Rf4 h4 70. Rxf3+ Kg2 71. Rf2+ Kg1 72. Kf3 h3 73. Kg3 Kh1 74. Rf1# 1-0


[Site "https://www.chess.com"]

[Event "Titled Tuesday Blitz August 1 Late 2023"]
[White "Vaglio Munoz, Jaime"]
[Black "Burke, Paul"]
[WhiteFideId "6500145"]
[BlackFideId "2605767"]
[WhiteElo "2267"]
[BlackElo "1908"]
[Result "1-0"]
[Round "10"]
[TimeControl "180+1"]
[Date "2023.08.01"]
[WhiteClock "0:02:19"]
[BlackClock "0:02:11"]
[Board "105"]

1. Nf3 a6 2. c4 d6 3. b3 g6 4. Bb2 Nf6 5. g3 Bg7 6. d4 O-O 7. Bg2 Nbd7 8. O-O Re8 9. Re1 e5 10. dxe5 dxe5 11. Nc3 Qe7 12. Nd5 Nxd5 13. cxd5 h6 14. e4 f5 15. Nh4 Kh7 16. exf5 gxf5 17. Nxf5 Qf6 18. Nxg7 Kxg7 19. f4 Rf8 20. Rc1 Qb6+ 21. Kh1 Qd6 22. Qh5 1-0


[Site "https://www.chess.com"]

[Event "Titled Tuesday Blitz August 1 Late 2023"]
[White "Miguelitro69"]
[Black "Papp, Petra"]
[BlackFideId "739049"]
[WhiteElo "2280"]
[BlackElo "2415"]
[Result "0-1"]
[Round "10"]
[TimeControl "180+1"]
[Date "2023.08.01"]
[WhiteClock "0:00:17"]
[BlackClock "0:00:22"]
[Board "107"]

1. e4 c5 2. Nf3 d6 3. d4 cxd4 4. Nxd4 Nf6 5. Nc3 a6 6. Bc4 e6 7. Bb3 Nbd7 8. Be3 Nc5 9. f3 b5 10. Qd2 Qc7 11. g4 Be7 12. h4 Nfd7 13. O-O-O Nb6 14. Kb1 Bd7 15. Qh2 Rc8 16. g5 b4 17. Nce2 a5 18. c3 a4 19. Bc2 Nc4 20. Bc1 Qb6 21. b3 axb3 22. Nxb3 Ba4 23. Ned4 bxc3 24. Ka1 Ra8 25. Nxc5 Qxc5 26. Bxa4+ Rxa4 27. Nb3 Qb4 28. Qc2 O-O 29. h5 Rfa8 30. g6 Rxa2+ 31. Qxa2 Rxa2+ 32. Kxa2 Qa4+ 33. Kb1 Qxb3+ 34. Ka1 Qa4+ 35. Kb1 c2# 0-1


[Site "https://www.chess.com"]

[Event "Titled Tuesday Blitz August 1 Late 2023"]
[White "Broca Jimenez, Fernando"]
[Black "Gerbelli Neto, Eduardo"]
[WhiteFideId "5104742"]
[BlackFideId "2103281"]
[WhiteElo "2216"]
[BlackElo "2299"]
[Result "0-1"]
[Round "10"]
[TimeControl "180+1"]
[Date "2023.08.01"]
[WhiteClock "0:00:21"]
[BlackClock "0:00:35"]
[Board "109"]

1. Nf3 Nf6 2. b3 c5 3. Bb2 Nc6 4. d3 d5 5. Nbd2 e6 6. e4 Be7 7. g3 O-O 8. Bg2 Re8 9. O-O Qc7 10. Re1 b6 11. e5 Nd7 12. c3 Bb7 13. d4 Bf8 14. Rc1 f6 15. exf6 Nxf6 16. Ne5 Nxe5 17. dxe5 Nd7 18. c4 d4 19. f4 Bxg2 20. Kxg2 a5 21. a4 Nb8 22. Qf3 Nc6 23. Ba3 g6 24. Ne4 Be7 25. Red1 Rad8 26. Rd3 Rf8 27. Nd2 Nxe5 28. fxe5 Rxf3 29. Nxf3 Rf8 30. Re1 h5 31. Bc1 Qc6 32. h4 Rf5 33. Bf4 g5 34. hxg5 Bxg5 35. Bxg5 Rxg5 36. Kf2 Rf5 37. Rh1 Rxe5 38. Rh4 Rf5 39. g4 hxg4 40. Rxg4+ Kf8 41. Kg3 Qd6+ 42. Kg2 e5 43. Ng5 Qh6 44. Rh3 Qxg5 45. Rxg5 Rxg5+ 46. Kf3 Ke7 47. Rh6 Rf5+ 48. Ke4 Rf6 49. Rh7+ Kd6 50. Rb7 Rf4+ 51. Kd3 Kc6 52. Re7 Rf3+ 53. Ke4 Re3+ 54. Kf5 d3 55. Re6+ Kd7 56. Rh6 d2 57. Rh1 Re1 58. Rh7+ Ke8 59. Ke6 Kf8 60. Rf7+ Kg8 61. Rd7 d1=Q 0-1


[Site "https://www.chess.com"]

[Event "Titled Tuesday Blitz August 1 Late 2023"]
[White "Da Matta, Eduardo Cesar"]
[Black "Georg, Heinz"]
[WhiteFideId "2193108"]
[BlackFideId "4607295"]
[WhiteElo "2219"]
[BlackElo "2283"]
[Result "0-1"]
[Round "10"]
[TimeControl "180+1"]
[Date "2023.08.01"]
[WhiteClock "0:01:32"]
[BlackClock "0:01:45"]
[Board "110"]

1. d4 e6 2. c4 f5 3. Nf3 Nf6 4. g3 Be7 5. Bg2 O-O 6. O-O d6 7. Nc3 Ne4 8. Qc2 Nxc3 9. Qxc3 Bf6 10. b3 Nc6 11. Bb2 e5 12. dxe5 dxe5 13. Rad1 Qe7 14. e4 f4 15. Qc1 g5 16. Ba3 Nb4 17. c5 Nc6 18. h3 a5 19. Bb2 h5 20. Rfe1 g4 21. hxg4 hxg4 22. Nd2 f3 23. Bf1 Qh7 24. Bc4+ Kg7 25. Qc3 Rh8 0-1


[Site "https://www.chess.com"]

[Event "Titled Tuesday Blitz August 1 Late 2023"]
[White "Joubert, Dantelle"]
[Black "Jahnz, Fabian"]
[WhiteFideId "14310813"]
[BlackFideId "4653300"]
[WhiteElo "2055"]
[BlackElo "2311"]
[Result "1-0"]
[Round "10"]
[TimeControl "180+1"]
[Date "2023.08.01"]
[WhiteClock "0:00:52"]
[BlackClock "0:00:17"]
[Board "111"]

1. e4 c6 2. d4 d5 3. e5 Bf5 4. h4 Qc7 5. g4 Bd7 6. c4 e6 7. Nc3 Ne7 8. cxd5 exd5 9. Bf4 Be6 10. Be2 h5 11. gxh5 Nf5 12. Qd2 Qb6 13. O-O-O Bb4 14. h6 gxh6 15. Bg4 h5 16. Bh3 Nd7 17. Bg5 a5 18. Nf3 a4 19. a3 Be7 20. Qf4 Bxg5 21. hxg5 Ng7 22. g6 fxg6 23. Qg5 Bf7 24. e6 Nxe6 25. Bxe6 Bxe6 26. Qxg6+ Bf7 27. Rde1+ Kf8 28. Qd6+ Kg8 29. Rhg1+ Kh7 30. Ng5+ Kg7 31. Nxf7+ Kxf7 32. Re7+ 1-0


[Site "https://www.chess.com"]

[Event "Titled Tuesday Blitz August 1 Late 2023"]
[White "Howell, David W L"]
[Black "Gyulamiryan-koryun"]
[WhiteFideId "410608"]
[WhiteElo "3025"]
[BlackElo "2099"]
[Result "1-0"]
[Round "10"]
[TimeControl "180+1"]
[Date "2023.08.01"]
[WhiteClock "0:01:14"]
[BlackClock "0:00:00"]
[Board "112"]

1. a3 Nf6 2. c3 g6 3. d4 Bg7 4. Bf4 d5 5. h3 O-O 6. e3 a6 7. Nd2 Nbd7 8. Ngf3 Re8 9. Be2 c5 10. O-O c4 11. a4 b6 12. b3 cxb3 13. Qxb3 Bb7 14. Rab1 Bc6 15. Rfc1 b5 16. axb5 axb5 17. Bxb5 Bxb5 18. Qxb5 e6 19. c4 Nh5 20. Bh2 dxc4 21. Nxc4 Ndf6 22. Nfe5 Ne4 23. Qb7 Re7 24. Qxe4 Nf6 25. Qf3 Nd5 26. Nc6 Qe8 27. Nxe7+ Qxe7 28. Nb6 Rd8 29. Nxd5 exd5 30. Rb8 Bf8 31. Rxd8 Qxd8 32. Be5 Bg7 33. Bxg7 Kxg7 34. Rc5 Qb6 35. g3 Qb1+ 36. Kg2 Qd3 37. Rxd5 f5 38. Rc5 1-0


[Site "https://www.chess.com"]

[Event "Titled Tuesday Blitz August 1 Late 2023"]
[White "Vargas, Mauricio"]
[Black "Simonovic, Miroslav"]
[WhiteFideId "4404572"]
[BlackFideId "919152"]
[WhiteElo "1884"]
[BlackElo "2285"]
[Result "0-1"]
[Round "10"]
[TimeControl "180+1"]
[Date "2023.08.01"]
[WhiteClock "0:01:09"]
[BlackClock "0:01:29"]
[Board "113"]

1. e4 c5 2. Nc3 Nc6 3. f4 e5 4. Nf3 exf4 5. Bc4 g6 6. d3 Bg7 7. Bxf4 Nge7 8. Nb5 O-O 9. Nc7 Rb8 10. Nd5 d6 11. O-O b5 12. Bb3 Bxb2 13. Rb1 Bg7 14. Qe1 Be6 15. Qh4 Bxd5 16. exd5 Nd4 17. Rbe1 Nxf3+ 18. Rxf3 Nf5 19. Qh3 h5 20. g4 hxg4 21. Qxg4 Qf6 22. Bg5 Qd4+ 23. Kg2 Qxg4+ 24. Kh1 Qxf3+ 0-1


[Site "https://www.chess.com"]